 Dungeon Crawl Stone Soup version 0.31-a0-691-g409c26aa35 (webtiles) character file.

Game seed: 2502143922112842298

2737 lunkers the Martial Artist (level 10, -5/79 HPs)
             Began as a Meteoran Shapeshifter on Sept 6, 2023.
             Was an Initiate of Gozag.
             Killed by divine providence
             ... invoked by Jeremiah
              (10 damage)
             ... on level 8 of the Dungeon.
             The game lasted 00:09:00 (3023 turns).

lunkers the Martial Artist (Meteoran Shapeshifter)  Turns: 3023, Time: 00:09:01

Health: -5/79      AC:  8    Str: 16    XL:     10   Next: 19%
Magic:  11/11      EV: 13    Int: 13    God:    Gozag
Gold:   731        SH:  0    Dex: 17    Spells: 9/9 levels left

rFire   . .          .
                       - Unarmed
rCold   . . .        (shield currently unavailable)
rNeg    . . .        e - +0 ring mail
rPois   .            (no helmet)
rElec   .            (no cloak)
rCorr   .            m - +2 pair of gloves
SInv    .            (no boots)
Will    +....        (no amulet)
Stlth   +            (no ring)
HPRegen 0.33/turn    (no ring)
MPRegen 0.12/turn

%: no passive effects
@: flux-form, glowing
A: glow, contaminating, sense surroundings 2, otherworldly, glowing, explore
regen
a: Begin Untransformation, Renounce Religion, Potion Petition, Call Merchant,
Bribe Branch


You were on level 8 of the Dungeon.
You worshipped Gozag.
Gozag was pleased with you.
You were something dangerously unstable.
You visited 1 branch of the dungeon, and saw 8 of its levels.

You collected 793 gold pieces.
You paid 62 gold pieces to Gozag.

Inventory:

Armour
 e - a +0 ring mail (worn)
 m - a +2 pair of gloves (worn)
Jewellery
 x - an amulet of regeneration
Talismans
 c - a beast talisman
 d - a flux talisman (active)
Wands
 g - a wand of digging (1)
Scrolls
 b - a scroll of enchant armour {unknown}
 i - a scroll of poison {unknown}
 j - 2 scrolls of blinking {unknown}
 n - a scroll of revelation {unknown}
 o - 2 scrolls of vulnerability {unknown}
 p - a scroll of immolation {unknown}
 q - 2 scrolls of teleportation {unknown}
 s - a scroll of noise {unknown}
 u - 2 scrolls of brand weapon {unknown}
 v - 2 scrolls of identify
Potions
 a - a potion of mutation {unknown}
 f - a potion of brilliance
 h - 2 potions of invisibility
 k - 2 potions of enlightenment
 l - a potion of cancellation
 r - 4 potions of curing
 t - a potion of attraction {unknown}
 w - a potion of berserk rage {unknown}


   Skills:
 + Level 4.2 Fighting
 + Level 4.7 Dodging
 * Level 11.9 Unarmed Combat
 + Level 8.3 Shapeshifting


You had 9 spell levels left.
You didn't know any spells.
Your spell library contained the following spells:

 Spells                   Type           Power      Damage    Failure   Level
 Static Discharge         Conj/Air       0%         2-2/arc   65%         2
 Frozen Ramparts          Ice            0%         1d1       87%         3
 Gell's Gravitas          Tloc           0%         N/A       87%         3
 Teleport Other           Tloc           0%         N/A       87%         3
 Airstrike                Air            0%         2d(0-16)  99%         4
 Petrify                  Tmut/Erth      0%         N/A       99%         4
 Summon Lightning Spire   Summ/Air       0%         N/A       99%         4
 Metabolic Englaciation   Hex/Ice        0%         N/A       100%        5
 Dispersal                Tloc           0%         N/A       100%        6


Dungeon Overview and Level Annotations

Branches:
Dungeon (8/15) Zot: 1842   Temple (0/1) D:5
   Lair: D:8-11

Altars:
Gozag
Zin

Shops:
D:6 *

Annotations:
D:8 Jeremiah


Innate Abilities, Weirdness & Mutations

You are something dangerously unstable.
You glow with magical radiation, making you easy to see and hit.
Foes you strike become dangerously contaminated with magical radiation.
You are incapable of wielding weapons or throwing items.
You passively map the area around you.
You are easily found by Zot.
You glow in the dark.
You regain HP and MP as you explore.


Message History

The water moccasin bites you.
You miss the water moccasin. The water moccasin bites you.
The orc warrior hits you from afar with a +0 halberd!
* * * LOW HITPOINT WARNING * * *
You hit the water moccasin.
The water moccasin begins to glow.
The water moccasin is lightly wounded.
The water moccasin completely misses you.
The orc warrior hits you from afar with a +0 halberd.
* * * LOW HITPOINT WARNING * * *
You punch the water moccasin!
The water moccasin glows dangerously bright.
The water moccasin is heavily wounded.
The water moccasin barely misses you.
Unknown command.
You punch the water moccasin!
You kill the water moccasin!
The orc warrior completely misses you.
Unknown command.
You hit the orc.
The orc begins to glow.
The orc is lightly wounded.
The orc misses you.
The orc priest calls down the wrath of Beogh upon you.
Beogh smites you!
* * * LOW HITPOINT WARNING * * *
The orc warrior hits you from afar with a +0 halberd!
* * * LOW HITPOINT WARNING * * *
You hit the orc.
The orc glows dangerously bright.
The orc is moderately wounded.
The orc hits you with a +0 flail.
* * * LOW HITPOINT WARNING * * *
The orc warrior hits you from afar with a +0 halberd.
* * * LOW HITPOINT WARNING * * *
There is a stone staircase leading up here.
The orc warrior unwields a +0 halberd.
The orc warrior wields a +0 arbalest.
The orc warrior shoots a bolt.
The bolt closely misses you.
Jeremiah shouts, "O dreadful one, destroy my foe!"
Something smites you!
You die...
Jeremiah asks, "What happened?
Did... did you die?"
Your body crumbles into a pile of gold. ,,* * ........ * , * ... , .......,, #..,,* ,..... * , * ....,*,,.... * * * #... * #oF * ##...#* #o#, * * *......###.# b, * #....$...# ##[ * , #.....B### ,bb### #.###...#* ** oFbb##

###..#
**#b..###
, #.#
#bb...# *
, , * ..
#.b..# ,
, ,, #.#
#..<.# *
* * *
*.#*
#$b..# *
, ..*
#....# ,
* #....#


You could see Jeremiah and an orc warrior.

Vanquished Creatures
  Psyche (D:8)
  Menkaure (D:7)
  3 water moccasins
  3 black bears
  An ice beast (D:6)
  A centaur (D:8)
  3 ogres
  2 bullfrogs (D:7)
  4 scorpions
  4 killer bees (D:7)
  A howler monkey (D:4)
  2 jellies
  5 hounds
  A gnoll bouda (D:5)
  2 sleepcaps (D:5)
  2 iguanas
  8 orc wizards
  3 gnolls
  6 adders
  2 shadow imps
  A white imp (D:7)
  An ufetubus (D:5)
  A worm (D:2)
  3 dart slugs
  23 orcs
  4 ball pythons
  2 bats (D:1)
  5 endoplasms
  2 giant cockroaches
  5 goblins
  7 hobgoblins
  7 jackals (D:1)
  10 kobolds
  4 quokkas
  3 frilled lizards
  A rat (D:1)
134 creatures vanquished.

Notes
Turn   | Place    | Note
-------+----------+-------------------------------------------
     0 | D:1      | lunkers the Meteoran Shapeshifter began the quest for the
                  | Orb.
     0 | D:1      | Reached XP level 1. HP: 16/16 MP: 2/2
    40 | D:1      | Reached skill level 4 in Unarmed Combat
    40 | D:1      | Reached XP level 2. HP: 21/23 MP: 3/3
   258 | D:1      | Reached XP level 3. HP: 28/28 MP: 4/4
   504 | D:1      | Glimpsed the power of Zot.
   576 | D:2      | Reached XP level 4. HP: 30/35 MP: 5/5
   586 | D:2      | Reached skill level 5 in Unarmed Combat
  1155 | D:3      | Reached XP level 5. HP: 18/40 MP: 6/6
  1250 | D:4      | Noticed a black bear
  1259 | D:4      | Killed a black bear
  1260 | D:4      | Reached skill level 6 in Unarmed Combat
  1260 | D:4      | Reached XP level 6. HP: 32/47 MP: 7/7
  1319 | D:4      | Reached skill level 5 in Shapeshifting
  1412 | D:4      | Found an opulent altar of Gozag.
  1418 | D:4      | Became a worshipper of Gozag Ym Sagoz the Greedy
  1441 | D:4      | Found a glowing silver altar of Zin.
  1465 | D:4      | Reached skill level 7 in Unarmed Combat
  1522 | D:4      | Reached XP level 7. HP: 34/52 MP: 8/8
  1660 | D:5      | Entered Level 5 of the Dungeon
  1717 | D:5      | Reached skill level 8 in Unarmed Combat
  1761 | D:5      | Noticed a water moccasin
  1765 | D:5      | Killed a water moccasin
  1766 | D:5      | Reached XP level 8. HP: 49/59 MP: 9/9
  1812 | D:5      | Reached skill level 9 in Unarmed Combat
  2092 | D:5      | Found a staircase to the Ecumenical Temple.
  2243 | D:6      | Reached skill level 10 in Unarmed Combat
  2297 | D:6      | Gained mutation: You passively map the area around you.
                  | [Meteoran growth]
  2297 | D:6      | Reached XP level 9. HP: 59/64 MP: 10/10
  2351 | D:6      | Found Irawkusm's General Store.
  2677 | D:7      | Noticed Menkaure
  2680 | D:7      | Killed Menkaure
  2681 | D:7      | Reached skill level 11 in Unarmed Combat
  2779 | D:7      | HP: 3/70 [killer bee (8)]
  2924 | D:8      | Noticed Psyche
  2924 | D:8      | Noticed Jeremiah
  2932 | D:8      | Killed Psyche
  2933 | D:8      | Reached XP level 10. HP: 42/78 MP: 11/11
  3023 | D:8      | Killed from afar by Jeremiah

Illustrated notes

Levels and vault maps discovered:
D:1:      lemuel_arrival_river_bridge, layout_basic
D:2:      layout_basic, serial_forest, infiniplex_forest_clump_medium,
          infiniplex_forest_corner_2, infiniplex_forest_clump_small,
          infiniplex_forest_3_way, infiniplex_forest_end_2,
          infiniplex_forest_split, infiniplex_forest_lined_corner,
          infiniplex_forest_lined_ring, infiniplex_forest_clump_medium,
          kennysheep_generic_room_16
D:3:      layout_loops_ring
D:4:      layout_basic, pdpol_temple_overflow_zin_treasury_gozag_greed,
          serial_shops, nicolae_shop_tiny_real_fake_doors
D:5:      minmay_bubble_buster, layout_basic, minmay_temple_entry_purple_smoke,
          hangedman_glass_teeth
D:6:      layout_loops_cross, serial_shops, nicolae_shop_getting_attention,
          hangedman_decor_lopped
D:7:      layout_rooms, hex_tiny, uniq_menkaure
D:8:      layout_rooms, uniq_maggie, uniq_pikel, uniq_psyche, uniq_erica,
          uniq_jeremiah

Skill      XL: |  1  2  3  4  5  6  7  8  9 |
---------------+----------------------------+-----
Unarmed Combat | 4 5 6 7 8 10 11 | 11.9
Shapeshifting  | 4 5 6 7 8 |  8.3
Fighting       | 4 |  4.2
Dodging        | 4 |  4.7

Action                     |  1- 3 |  4- 6 |  7- 9 | 10-12 || total
---------------------------+-------+-------+-------+-------++-------
  Melee: Unarmed           |    74 |   108 |   244 |    24 ||   450
         Punch             |     2 |     6 |     2 |       ||    10
    Use: Scroll            |       |     4 |     1 |       ||     5
         Potion            |       |       |     2 |       ||     2
   Stab: Distracted        |       |       |     1 |       ||     1
 Armour: Animal skin       |     6 |       |       |       ||     6
         Ring mail         |    42 |    72 |   183 |    18 ||   315
         Skin              |       |       |    19 |       ||    19
  Dodge: Dodged            |    37 |    49 |   128 |    19 ||   233
   Form: Flux              |       |       |     1 |       ||     1

Table legend: (Time is in decaauts)
 A = Elapsed time spent in this place.
 B = Non-inter-level travel time spent in this place.
 C = Inter-level travel time spent in this place.
 D = Time resting spent in this place.
 E = Time spent auto-exploring this place.
 F = Levels seen in this place.
 G = Mean time per level.
                   A        B        C        D        E       F      G
               +--------+--------+--------+--------+--------+-----+--------+
         Total |   2956 |   2763 |    193 |     38 |   1729 |   8 |  369.5 |
       Dungeon |   2956 |   2763 |    193 |     38 |   1729 |   8 |  369.5 |
               +--------+--------+--------+--------+--------+-----+--------+

Top non-repeatable levels by time:
     D:1: 518 daAuts
     D:5: 477 daAuts
     D:7: 473 daAuts
     D:4: 420 daAuts
     D:3: 389 daAuts
     D:6: 331 daAuts
     D:2: 313 daAuts
     D:8: 33 daAuts
